 Seeded DCSS version 0.30-a0-830-gfe289a77b0 (webtiles) character file.

Game seed: 10962520627805071627 (custom seed)

4 demibob the Slasher (level 1, 16/16 HPs)
             Began as a Demonspawn Gladiator on Feb 28, 2023.
             Quit the game on level 1 of the Dungeon.
             The game lasted 00:00:23 (124 turns).

demibob the Slasher (Demonspawn Gladiator)           Turns: 124, Time: 00:00:24

Health: 16/16      AC:  4    Str: 14    XL:     1   Next: 58%
Magic:  1/1        EV: 12    Int:  9    God:
Gold:   3          SH:  0    Dex: 14    Spells: 0/0 levels left

rFire   . . .      SeeInvis .    a - +0 long sword
rCold   . . .      Faith    .    (no shield)
rNeg    . . .      Spirit   .    b - +0 leather armour
rPois   .          Reflect  .    c - +0 helmet
rElec   .          Harm     .    (no cloak)
rCorr   .          Rampage  .    (no gloves)
Will    .....                    (no boots)
Stlth   +                        (no amulet)
HPRegen 0.22/turn                (no ring)
MPRegen 0.07/turn                (no ring)

@: no status effects
A: no striking features
a: no special abilities


You were on level 1 of the Dungeon.
You visited 1 branch of the dungeon, and saw 1 of its levels.

You collected 3 gold pieces.


   Skills:
 - Level 2.0 Fighting
 + Level 3.0 Long Blades
 - Level 1.7 Throwing
 - Level 2.6 Dodging


You couldn't memorise any spells.
You didn't know any spells.
Your spell library was empty.

Inventory:

Hand Weapons
 a - a +0 long sword (weapon)
Missiles
 d - 3 throwing nets (quivered) {=f}
 e - a javelin
Armour
 b - a +0 leather armour (worn)
 c - a +0 helmet (worn)
Jewellery
 g - an amulet of faith {!P}
Scrolls
 f - a scroll of identify {unknown}
 h - a scroll of acquirement

Dungeon Overview and Level Annotations

Branches:
Dungeon (1/15)

Altars:

############
#.#.@.........
#...#######...
##..######..........>
......................
#############.######..
#######.######..
............##.#
............##.#
####+#####..##.#


There were no monsters in sight!


Message History

You closely miss the hobgoblin.
The hobgoblin is heavily wounded.
The hobgoblin hits you.
You closely miss the hobgoblin.
The hobgoblin is heavily wounded.
The hobgoblin barely misses you.
The hobgoblin hits you but does no damage.
You barely miss the hobgoblin.
The hobgoblin is heavily wounded.
The hobgoblin misses you.
You closely miss the hobgoblin.
The hobgoblin is heavily wounded.
The hobgoblin hits you.
You hit the hobgoblin.
You kill the hobgoblin!
A kobold comes into view. It is wielding a +0 dagger.
Your Long Blades skill increases to level 3!
The kobold shouts!
You slash the kobold!
You kill the kobold!
No target in view!
You see here a +0 dagger.
You now have 3 gold pieces.
Found a stone staircase leading down.
g - an amulet of faith {!P}
h - 3 scrolls labelled ENYORH ZOPN This is a scroll of acquirement!
Something appears at your feet! Something appears at your feet!
Are you sure you want to abandon this character and quit the game? (Confirm with "yes".)

Skill      XL: |  1 |
---------------+----+-----
Long Blades    | 3 |  3.0
Fighting       | |  2.0
Throwing       | |  1.7
Dodging        | |  2.6

Action                     || total
---------------------------++-------
  Melee: Long sword        ||    22
    Use: Scroll            ||     2
 Armour: Leather armour    ||     6
  Dodge: Dodged            ||    21

Levels and vault maps discovered:
D:1:      lemuel_arrival_room, layout_basic, serial_aquarium,
          aquarium_bridge_square [aquarium_subvault_bridge,
          aquarium_subvault_window, aquarium_subvault_window,
          aquarium_subvault_bridge], aquarium_window_1, aquarium_window_3,
          aquarium_window_double, aquarium_view_2f, aquarium_view_2d,
          aquarium_balcony_3b

Notes
Turn   | Place    | Note
-------+----------+-------------------------------------------
     0 | D:1      | demibob the Demonspawn Gladiator began the quest for the
                  | Orb.
     0 | D:1      | Reached XP level 1. HP: 16/16 MP: 1/1
    76 | D:1      | Reached skill level 3 in Long Blades
   122 | D:1      | Identified 3 scrolls of acquirement
   122 | D:1      | Acquired a +2 heavy double sword
   123 | D:1      | Acquired the ring of Darkness {rN+ Int+3 Dex+3 Stlth+}
   124 | D:1      | Quit the game

Vanquished Creatures
  A bat (D:1)
  A hobgoblin (D:1)
  2 kobolds (D:1)
4 creatures vanquished.

Table legend: (Time is in decaauts)
 A = Elapsed time spent in this place.
 B = Non-inter-level travel time spent in this place.
 C = Inter-level travel time spent in this place.
 D = Time resting spent in this place.
 E = Time spent auto-exploring this place.
 F = Levels seen in this place.
 G = Mean time per level.
                   A        B        C        D        E       F      G
               +--------+--------+--------+--------+--------+-----+--------+
         Total |    130 |    130 |      0 |      0 |     80 |   1 |  130.0 |
       Dungeon |    130 |    130 |      0 |      0 |     80 |   1 |  130.0 |
               +--------+--------+--------+--------+--------+-----+--------+

Top non-repeatable levels by time:
     D:1: 130 daAuts

Table legend:
 A = Non-vault XP
 B = Vault XP
 C = Vault XP percentage of total XP
 D = Non-vault monster count
 E = Vault monster count
 F = Vault count percentage of total count
                 A         B        C        D         E       F
            +---------+---------+-------+---------+---------+-------
      Total |       7 |       0 |   0.0 |       4 |       0 |   0.0
            +---------+---------+-------+---------+---------+-------
        D:1 |       7 |       0 |   0.0 |       4 |       0 |   0.0
            +---------+---------+-------+---------+---------+-------
